 Dungeon Crawl Stone Soup version 0.23.2-1-ga50397a (webtiles) character file.

Game seed: 2819055299005046919

2097 myga the Magician (level 9, -6/62 HPs)
             Began as a Mummy Fire Elementalist on Apr 20, 2019.
             Was a Believer of Ashenzari.
             Mangled by a hornet (12 damage)
             ... on level 6 of the Dungeon on Apr 21, 2019.
             The game lasted 00:40:32 (6988 turns).

myga the Magician (Mummy Fire Elementalist)         Turns: 6988, Time: 00:40:32

Health: -6/62      AC:  3    Str: 11    XL:     9   Next: 7%
Magic:  6/19       EV: 13    Int: 15    God:    Ashenzari [**....]
Gold:   315        SH:  0    Dex: 15    Spells: 4/22 levels left

rFire    . . .     SeeInvis .   j - +0 dagger
rCold    + . .     Gourm    .   (no shield)
rNeg     + + +     Faith    .   a - +0 robe (curse)
rPois    ∞         Spirit   .   (no helmet)
rElec    .         Reflect  .   (no cloak)
rCorr    .         Harm     .   (no gloves)
MR       +....                  y - +0 pair of boots (curse)
Stlth    ++........             (no amulet)
HPRegen  0.20/turn              e - ring of protection from fire (curse)
MPRegen  0.16/turn              (no ring)

@: no status effects
A: no food or potions, fire vulnerability, cold resistance 1, negative energy
resistance 3, torment resistance, unbreathing
a: Curse Item, Scrying, Renounce Religion


You were on level 6 of the Dungeon.
You worshipped Ashenzari.
Ashenzari was pleased with you.
You were not hungry.

You visited 1 branch of the dungeon, and saw 6 of its levels.
You also visited: Sewer.

You collected 315 gold pieces.

Inventory:

Hand Weapons
 c - a +0 hunting sling
 i - a +0 long sword
 j - a +0 dagger (weapon)
 l - a +0 hand crossbow
 o - a +0 trident
Missiles
 b - 29 arrows
 f - 41 bolts
 g - 199 stones (quivered)
 h - 19 sling bullets
 u - 5 tomahawks
Armour
 a - a cursed +0 robe (worn)
 y - a cursed +0 pair of boots (worn)
Jewellery
 e - a cursed ring of protection from fire (left hand)
 w - an uncursed ring of ice
Scrolls
 d - a scroll of random uselessness {unknown}
 k - 4 scrolls of teleportation
 m - a scroll of enchant armour
 n - 3 scrolls of remove curse
 p - a scroll of blinking
 q - a scroll of magic mapping
 r - a scroll of fog
 s - a scroll of summoning {unknown}
 t - a scroll of fear
 v - 2 scrolls of amnesia {unknown}
 x - a scroll of enchant weapon {unknown}


   Skills:
 + Level 2.6 Fighting
 + Level 0.6(0.9) Short Blades
 + Level 0.7(1.0) Long Blades
 + Level 4.3 Crossbows
 + Level 1.2 Throwing
 + Level 2.9 Dodging
 + Level 2.8 Stealth
 + Level 0.1 Unarmed Combat
 + Level 7.0 Spellcasting
 + Level 4.0 Conjurations
 + Level 4.8 Fire Magic


You had 4 spell levels left.
You knew the following spells:

 Your Spells              Type           Power        Failure   Level  Hunger
a - Flame Tongue          Conj/Fire      ###..        2%          1    N/A
b - Throw Flame           Conj/Fire      ###...       3%          2    N/A
c - Conjure Flame         Conj/Fire      ###.....     6%          3    N/A
d - Inner Flame           Hex/Fire       ##......     16%         3    N/A
e - Sticky Flame          Conj/Fire      ###.....     22%         4    N/A
f - Fireball              Conj/Fire      ###.......   52%         5    N/A

Your spell library contained the following spells:

 Spells                   Type           Power        Failure   Level  Hunger


Dungeon Overview and Level Annotations

Branches:
Dungeon (6/15)
 Temple: D:4-7

Altars:
Ashenzari
Makhleb
Xom


Innate Abilities, Weirdness & Mutations

You do not eat or drink.
Your flesh is vulnerable to fire.
You are immune to poison.
Your flesh is cold resistant. (rC+)
You are immune to negative energy. (rN+++)
You are immune to unholy pain and torment.
You can survive without breathing.


Message History

The hornet is severely wounded.
The hornet closely misses you. The hornet stings you!
Casting: Flame Tongue (safe; 2% risk of failure)
Confirm with . or Enter, or press ? or * to list all spells.
Aiming: Flame Tongue (safe; 2% risk of failure)
Press: ? - help, Shift-Dir - straight line, f/p - hornet
Aim: a hornet (severely wounded)
The flame tongue hits the hornet but does no damage.
The hornet is severely wounded.
The hornet stings you!
* * * LOW HITPOINT WARNING * * *
Casting: Flame Tongue (safe; 2% risk of failure)
Confirm with . or Enter, or press ? or * to list all spells.
Aiming: Flame Tongue (safe; 2% risk of failure)
Press: ? - help, Shift-Dir - straight line, f/p - hornet
Aim: a hornet (severely wounded)
The flame tongue hits the hornet!
The hornet is almost dead.
The hornet stings you!
You die... * ........# # * .......# #.##* *, .!..... #.#.., * ..... ...# #### ....,,****#.###... , #hJ

,, , #....... ,
#y#######.#.......
#@#.......#.......
,
#.#.#######.......
, , ,
#.#...............
,
#.#..#######......
,,
#.#..#.....#......
#.#..#.##.##......
#.#....<#.########
*+* #.##....#.#
*,#.........#


You could see a hornet, a howler monkey and a jelly.

Vanquished Creatures
  A slime creature (D:5)
  A phantom (D:4)
  4 ogres
  4 big kobolds (D:5)
  2 bullfrogs (Sewer)
  A scorpion (D:4)
  A howler monkey (D:5)
  2 crimson imps (D:5)
  2 bullfrog skeletons (D:5)
  2 hounds (D:4)
  7 jellies
  An orc priest (D:3)
  An orc wizard (D:4)
  A centaur skeleton (D:5)
  2 iguanas (D:4)
  4 worker ants
  14 adders
  6 river rats
  3 shadow imps (D:5)
  3 oozes (D:5)
  6 worms
  An adder skeleton (D:4)
  2 dart slugs
  3 leopard geckos
  10 orcs
  13 ball pythons (Sewer)
  6 giant cockroaches
  2 goblins
  10 hobgoblins
  4 jackals
  9 kobolds
  2 quokkas
  A ball python skeleton (D:5)
  10 bats
  10 frilled lizards
  35 rats
186 creatures vanquished.

Vanquished Creatures (others)
  A worker ant (D:6)
  An adder skeleton (D:6)
  9 toadstools (D:5)
11 creatures vanquished.

Grand Total: 197 creatures vanquished

Notes
Turn   | Place    | Note
-------+----------+-------------------------------------------
     0 | D:1      | myga the Mummy Fire Elementalist began the quest for the
                  | Orb.
     0 | D:1      | Reached XP level 1. HP: 13/13 MP: 4/4
   238 | D:1      | Reached XP level 2. HP: 19/19 MP: 0/5
   509 | D:1      | Found a shattered altar of Ashenzari.
   531 | D:1      | Became a worshipper of Ashenzari the Shackled
   590 | D:1      | Learned a level 2 spell: Throw Flame
   753 | D:1      | Reached skill level 1 in Conjurations
   783 | D:1      | Reached skill level 3 in Spellcasting
   976 | D:2      | Reached XP level 3. HP: 15/24 MP: 0/7
  1099 | D:2      | Learned a level 3 spell: Conjure Flame
  1309 | D:2      | Found a burning altar of Makhleb.
  1519 | D:2      | Reached * piety under Ashenzari
  1833 | D:2      | Reached XP level 4. HP: 11/30 MP: 0/9
  2422 | D:2      | Found a shimmering altar of Xom.
  2813 | D:3      | Noticed an ogre
  2817 | D:3      | Killed an ogre
  2817 | D:3      | Reached skill level 4 in Spellcasting
  2817 | D:3      | Reached XP level 5. HP: 36/36 MP: 6/11
  3083 | D:3      | Reached skill level 1 in Crossbows
  3313 | D:4      | Noticed an ogre
  3322 | D:4      | Noticed a phantom
  3327 | D:4      | Noticed an ogre
  3351 | D:4      | Reached XP level 6. HP: 20/42 MP: 3/12
  3364 | D:4      | Reached skill level 1 in Fighting
  3378 | D:4      | Found a glowing drain.
  3387 | Sewer    | Entered a sewer
  4197 | Sewer    | Reached XP level 7. HP: 39/48 MP: 10/13
  4402 | D:4      | Reached skill level 5 in Spellcasting
  4749 | D:4      | Reached XP level 8. HP: 53/56 MP: 12/16
  5173 | D:5      | Entered Level 5 of the Dungeon
  5227 | D:5      | Learned a level 3 spell: Inner Flame
  5232 | D:5      | Learned a level 4 spell: Sticky Flame
  5266 | D:5      | Learned a level 5 spell: Fireball
  5316 | D:5      | Reached ** piety under Ashenzari
  5839 | D:5      | Reached skill level 6 in Spellcasting
  5874 | D:5      | Reached skill level 1 in Throwing
  5958 | D:5      | Noticed a slime creature
  5975 | D:5      | Killed a slime creature
  6245 | D:5      | Reached XP level 9. HP: 61/62 MP: 16/19
  6893 | D:6      | Reached skill level 7 in Spellcasting
  6988 | D:6      | Mangled by a hornet

Skill      XL: |  1  2  3  4  5  6  7  8  9 |
---------------+----------------------------+-----
Conjurations   | 1 2 3 4 |  4.0
Spellcasting   | 3 4 5 6 7 |  7.0
Dodging        | 2 |  2.9
Fire Magic     | 3 4 |  4.8
Crossbows      | 1 2 3 4 |  4.3
Fighting       | 1 2 |  2.6
Stealth        | 2 |  2.8
Throwing       | 1 |  1.2
Short Blades   | |  0.6
Long Blades    | |  0.7
Unarmed Combat | |  0.1

Action                   |  1- 3 |  4- 6 |  7- 9 || total
-------------------------+-------+-------+-------++-------
Melee: Unarmed           |    19 |       |       ||    19
       Mace              |     6 |       |       ||     6
       Long sword        |    12 |     7 |       ||    19
       Dagger            |       |     1 |    10 ||    11
 Fire: Hand crossbow     |       |    89 |    32 ||   121
Throw: Stone             |    14 |    16 |     8 ||    38
       Tomahawk          |       |       |    10 ||    10
 Cast: Flame Tongue      |    64 |    72 |   134 ||   270
       Throw Flame       |    12 |     5 |    28 ||    45
       Conjure Flame     |       |     4 |       ||     4
       Sticky Flame      |       |       |     1 ||     1
Invok: Curse Item        |     1 |     1 |     1 ||     3
Evoke: Wand              |       |       |     2 ||     2
  Use: Scroll            |     2 |     2 |     4 ||     8
 Stab: Sleeping          |     2 |     1 |     1 ||     4
Armor: Robe              |    11 |    12 |    17 ||    40
Dodge: Dodged            |    56 |    63 |    78 ||   197
       Rpst.: Long sword |     7 |     1 |       ||     8
